[Event "ICC tourney 1878 (15 10)"]
[Site "Internet Chess Club"]
[Date "2020.06.14"]
[Round "1"]
[White "playtowin2020"]
[Black "shaaketh"]
[Result "0-1"]
[ICCResult "White resigns"]
[WhiteElo "1288"]
[BlackElo "1412"]
[Opening "French: Tarrasch, open variation"]
[ECO "C07"]
[NIC "FR.18"]
[Time "12:21:48"]
[TimeControl "900+10"]

1. e4 e6 2. d4 d5 3. Nd2 c5 4. Ngf3 Nf6 5. e5 Nfd7 6. c3 Nc6 7. Be2 Be7 8.
O-O O-O 9. Re1 a5 10. Nf1 b6 11. Bb5 Qc7 12. Be3 Ba6 13. Bxa6 Rxa6 14. Rc1
b5 15. Ng3 b4 16. dxc5 bxc3 17. Rxc3 Ncxe5 18. Nxe5 Qxe5 19. c6 Nf6 20. Bd4
Qc7 21. Qd3 Rxc6 22. Be5 Rxc3 23. bxc3 Qc4 24. Qxc4 dxc4 25. Rd1 Nd5 26. Ne4
f5 27. Ng3 Bf6 28. Bxf6 gxf6 29. Nxf5 Nxc3 30. Ne7+ Kf7 31. Rd7 Ke8 32. Ra7
Nd5 33. Nxd5 exd5 34. Rxa5 d4 35. Ra4 Ke7 36. Rxc4 Rd8 37. Kf1 Ke6 38. Ke1
Kd5 39. Rc7 Ra8 40. Rxh7 Rxa2 41. h4 Ke4 42. Rb7 Kd3 43. Rb3+ Kc2 44. Rb8
Ra1+ 45. Ke2 d3+ 46. Ke3 Re1+ 47. Kf3 d2 48. Rc8+ Kb3 49. Rb8+ Kc4 50. Rc8+
Kb5 51. Rb8+ Kc6 52. Rd8 d1=Q+ 53. Rxd1 Rxd1 54. Kf4 Rd4+ 55. Kg3 Kd6 56. f4
Ke6 57. Kg4 f5+ 58. Kg5 Rd3 59. h5 Rg3+ 60. Kh4 Rxg2 61. h6 Kf7 62. h7 Kg7
63. h8=Q+ Kxh8 64. Kh5 Rg4 65. Kh6 Rxf4 66. Kg5 Ra4 {White resigns} 0-1

[Event "ICC tourney 1878 (15 10)"]
[Site "Internet Chess Club"]
[Date "2020.06.14"]
[Round "1"]
[White "cloak1"]
[Black "GutsyEdge"]
[Result "1-0"]
[ICCResult "Black resigns"]
[WhiteElo "1572"]
[BlackElo "1327"]
[Opening "Sicilian: Kan, Mar?czy bind (R?ti variation)"]
[ECO "B41"]
[NIC "SI.41"]
[Time "12:21:38"]
[TimeControl "900+10"]

1. e4 c5 2. Nf3 e6 3. d4 cxd4 4. Nxd4 a6 5. c4 Nf6 6. Nc3 Bb4 7. e5 Ne4 8.
Qg4 Nxc3 9. Bd2 Qa5 10. Qxg7 Rf8 11. Nb3 Qc7 12. bxc3 Be7 13. Bd3 Nc6 14. f4
h5 15. O-O b6 16. Rae1 Bb7 17. f5 O-O-O 18. Be4 exf5 19. Rxf5 h4 20. Rxf7
Rg8 21. Qh7 Bc5+ 22. Nxc5 bxc5 23. Bf4 Rg4 24. Qf5 Rdg8 25. e6 Ne7 26. Rf8+
Rxf8 27. Qxf8+ Qd8 28. Bxb7+ {Black resigns} 1-0

[Event "ICC tourney 1878 (15 10)"]
[Site "Internet Chess Club"]
[Date "2020.06.14"]
[Round "1"]
[White "NyzhnykIllia"]
[Black "londonkid"]
[Result "1-0"]
[ICCResult "Black resigns"]
[WhiteElo "1483"]
[BlackElo "1317"]
[Opening "Queen's pawn game"]
[ECO "A46"]
[NIC "QP.05"]
[Time "12:21:46"]
[TimeControl "900+10"]

1. d4 Nf6 2. Nf3 e6 3. Bf4 b6 4. e3 Bb7 5. Nbd2 Be7 6. h3 O-O 7. Bd3 c5 8.
c3 cxd4 9. exd4 d6 10. O-O Nbd7 11. Re1 Re8 12. Bh2 h6 13. a4 a6 14. Nc4 Qc7
15. Nfd2 Bf8 16. Be2 Rac8 17. Bf3 Bd5 18. Bxd5 Nxd5 19. Qe2 b5 20. axb5 axb5
21. Na3 b4 22. Nb5 Qb6 23. c4 N5f6 24. b3 e5 25. c5 dxc5 26. dxe5 Nd5 27.
Qd3 Rcd8 28. Nd6 Bxd6 29. exd6 Nc3 30. Nc4 Qb7 31. Re7 Nd5 32. Qf3 Rf8 33.
Rd1 {Black resigns} 1-0

[Event "ICC tourney 1878 (15 10)"]
[Site "Internet Chess Club"]
[Date "2020.06.14"]
[Round "1"]
[White "shaashwath"]
[Black "TheJoker97"]
[Result "0-1"]
[ICCResult "White resigns"]
[WhiteElo "1360"]
[BlackElo "1651"]
[Opening "King's Indian: orthodox variation"]
[ECO "E94"]
[NIC "KI.15"]
[Time "12:21:40"]
[TimeControl "900+10"]

1. d4 Nf6 2. c4 g6 3. Nc3 Bg7 4. e4 d6 5. Nf3 O-O 6. Be2 e5 7. O-O exd4 8.
Nxd4 Re8 9. f3 c6 10. Kh1 Nbd7 11. g4 Nc5 12. Be3 a5 13. Qd2 Qe7 14. Rfd1
Bxg4 15. fxg4 Nfxe4 16. Nxe4 Qxe4+ 17. Bf3 Qxe3 18. Qxe3 Rxe3 19. Bg2 Rae8
20. Nb3 Nd3 21. Kg1 Nxb2 22. Rf1 Nxc4 23. Rac1 d5 24. Nc5 Bd4 25. Nxb7 Re1+
26. Kh1 Rxc1 27. Rd1 Rxd1+ 28. Bf1 Rxf1+ 29. Kg2 Rg1+ 30. Kh3 g5 {White
resigns} 0-1

[Event "ICC tourney 1878 (15 10)"]
[Site "Internet Chess Club"]
[Date "2020.06.14"]
[Round "1"]
[White "davika21"]
[Black "MasterZachary"]
[Result "0-1"]
[ICCResult "White resigns"]
[WhiteElo "1523"]
[BlackElo "2170"]
[Opening "Ruy Lopez: exchange, Bronstein variation"]
[ECO "C68"]
[NIC "RL.08"]
[Time "12:22:46"]
[TimeControl "900+10"]

1. e4 e5 2. Nf3 Nc6 3. Bb5 a6 4. Bxc6 dxc6 5. O-O Qd6 6. d4 exd4 7. Nxd4 Bd7
8. Nc3 O-O-O 9. Nde2 Qg6 10. Nf4 Qf6 11. Qf3 Bd6 12. Nd3 Qg6 13. e5 Be7 14.
Bf4 Nh6 15. h3 Nf5 16. Ne2 h5 17. Rad1 c5 18. c4 Bc6 {White resigns} 0-1

[Event "ICC tourney 1878 (15 10)"]
[Site "Internet Chess Club"]
[Date "2020.06.14"]
[Round "1"]
[White "mopaska1106"]
[Black "playerlucky"]
[Result "1-0"]
[ICCResult "Black resigns"]
[WhiteElo "1483"]
[BlackElo "1317"]
[Opening "King's Indian: Four pawns attack"]
[ECO "E76"]
[NIC "KI.31"]
[Time "12:21:36"]
[TimeControl "900+10"]

1. d4 Nf6 2. c4 g6 3. Nc3 Bg7 4. e4 d6 5. f4 O-O 6. Nf3 Nbd7 7. Be2 c6 8.
O-O Qc7 9. e5 Ne8 10. Kh1 e6 11. b3 f6 12. exd6 Qxd6 13. c5 Qc7 14. Bc4 Nb8
15. Re1 Qf7 16. a4 Nc7 17. Ra2 Nd5 18. Ne4 b6 19. Nd6 Qd7 20. Bxd5 exd5 21.
Rae2 Na6 22. Re7 Qd8 23. Ne8 Rf7 24. Rxf7 Kxf7 25. Nd6+ Kg8 26. Re8+ Qxe8
27. Nxe8 bxc5 28. Nxg7 Kxg7 29. dxc5 Bf5 30. Qe1 Kf7 31. Bb2 Nxc5 32. Qh4
Ne4 {Black resigns} 1-0

[Event "ICC tourney 1878 (15 10)"]
[Site "Internet Chess Club"]
[Date "2020.06.14"]
[Round "1"]
[White "JohnnyHop98"]
[Black "jackhearts"]
[Result "1-0"]
[ICCResult "Black resigns"]
[WhiteElo "1644"]
[BlackElo "1730"]
[Opening "Queen's pawn game"]
[ECO "D00"]
[NIC "QP.07"]
[Time "12:21:39"]
[TimeControl "900+10"]

1. d4 Nf6 2. Nc3 d5 3. Bf4 g6 4. Qd2 Bg7 5. Bh6 O-O 6. Bxg7 Kxg7 7. f3 Nbd7
8. e4 dxe4 9. fxe4 e5 10. d5 Nc5 11. Qe3 b6 12. Nf3 Qe7 13. O-O-O a5 14. h3
Nh5 15. g4 Nf4 16. Ne2 Nxe2+ 17. Bxe2 h6 18. Rhg1 Kh7 19. Rdf1 a4 20. g5 h5
21. Nh4 Ba6 22. c4 Nd7 23. Bxh5 gxh5 24. Qe2 Rh8 25. Nf5 Qe8 26. Qxh5+ Kg8
27. Nh6+ Rxh6 28. gxh6+ Kh8 29. Rxf7 Nf8 30. h7 {Black resigns} 1-0

[Event "ICC tourney 1878 (15 10)"]
[Site "Internet Chess Club"]
[Date "2020.06.14"]
[Round "1"]
[White "NK3"]
[Black "Sparta250"]
[Result "0-1"]
[ICCResult "White forfeits on time"]
[WhiteElo "1884"]
[BlackElo "1696"]
[Opening "Caro-Kann: advance variation"]
[ECO "B12"]
[NIC "CK.04"]
[Time "12:23:37"]
[TimeControl "900+10"]

1. e4 c6 2. d4 d5 3. e5 Bf5 4. Nf3 e6 5. Be2 Ne7 6. O-O h6 7. c3 Nd7 8. Bd3
Qc7 9. Nh4 Bxd3 10. Qxd3 g5 11. Nf3 Ng6 12. Be3 Bg7 13. Nbd2 O-O 14. h3 f5
15. exf6 Rxf6 16. Nh2 Raf8 17. Ndf3 Rf5 18. c4 Qd6 19. Rfe1 e5 20. cxd5 Qxd5
21. Qb3 Qxb3 22. axb3 a6 23. dxe5 Ngxe5 24. Nd4 R5f6 25. Rad1 Rg6 26. Nhf3
Kh7 27. b4 Rf7 28. b3 Rd6 29. g4 Rxf3 30. Nxf3 Nxf3+ 31. Kf1 Rxd1
{White forfeits on time}
0-1

[Event "ICC tourney 1878 (15 10)"]
[Site "Internet Chess Club"]
[Date "2020.06.14"]
[Round "1"]
[White "penguingm1"]
[Black "runtilmorrow1"]
[Result "1-0"]
[ICCResult "Black checkmated"]
[WhiteElo "1942"]
[BlackElo "1447"]
[Opening "Benk? gambit half accepted"]
[ECO "A57"]
[NIC "BI.43"]
[Time "12:21:42"]
[TimeControl "900+10"]

1. d4 Nf6 2. c4 c5 3. d5 b5 4. cxb5 a6 5. e3 g6 6. Nc3 Bg7 7. Nf3 O-O 8. a4
axb5 9. Bxb5 Ba6 10. Be2 d6 11. O-O Nbd7 12. e4 c4 13. Nd4 Nc5 14. f3 Qb6
15. a5 Qa7 16. Nc6 Qc7 17. Be3 Nd3 18. Bxd3 cxd3 19. b4 Nd7 20. Rc1 Nb8 21.
b5 Bxc3 22. bxa6 Bxa5 23. a7 Nxc6 24. Rxc6 Qd7 25. Ra6 Qb5 26. Rc6 Rfc8 27.
Qb1 Qxb1 28. Rxb1 d2 29. Kf1 e5 30. Ke2 Kg7 31. Rb7 Kf6 32. Rxd6+ Kg7 33.
Rc6 Rd8 34. Kd1 Rac8 35. Rxc8 Rxc8 36. Bxd2 Bc7 37. Rxc7 Ra8 38. d6 Kf8 39.
d7 Ke7 40. Rb7 Rd8 41. Ba5 Rxd7+ 42. Rxd7+ Kxd7 43. a8=Q f5 44. Qd5+ Ke7 45.
Qxe5+ Kf7 46. exf5 gxf5 47. Qxf5+ Kg7 48. Bc3+ Kh6 49. Qf6+ Kh5 50. g4#
{Black checkmated}
1-0

[Event "ICC tourney 1878 (15 10)"]
[Site "Internet Chess Club"]
[Date "2020.06.14"]
[Round "1"]
[White "Atharva10"]
[Black "firewoods"]
[Result "1-0"]
[ICCResult "Black resigns"]
[WhiteElo "1601"]
[BlackElo "1333"]
[Opening "Sicilian: Nimzovich-Rossolimo attack (with ...g6, without ...d6)"]
[ECO "B31"]
[NIC "SI.31"]
[Time "12:21:38"]
[TimeControl "900+10"]

1. e4 c5 2. Nf3 Nc6 3. Bb5 g6 4. d4 cxd4 5. Nxd4 Bg7 6. c3 Nf6 7. Qe2 O-O 8.
O-O Qc7 9. f3 e5 10. Nb3 d5 11. Bg5 dxe4 12. Bxf6 Bxf6 13. fxe4 Bg7 14. N1d2
Be6 15. Kh1 a6 16. Bc4 Bxc4 17. Nxc4 b5 18. Ne3 Ne7 19. Nd2 f5 20. exf5 gxf5
21. Nf3 Rad8 22. Ng5 Qb6 23. Rad1 Bh6 24. Qh5 Qg6 25. Qxg6+ hxg6 26. h4 Bxg5
27. hxg5 Kf7 28. c4 Ke6 29. cxb5 axb5 30. Kg1 f4 31. Ng4 Kf5 32. Nh6+ Kxg5
33. Rxd8 Rxd8 34. Nf7+ Kg4 35. Nxd8 e4 36. Kf2 e3+ 37. Ke2 Nf5 38. Ke1 Kg3
39. Ne6 {Black resigns} 1-0

[Event "ICC tourney 1878 (15 10)"]
[Site "Internet Chess Club"]
[Date "2020.06.14"]
[Round "1"]
[White "piplup0621"]
[Black "Goran21"]
[Result "0-1"]
[ICCResult "White checkmated"]
[WhiteElo "1317"]
[BlackElo "1483"]
[Opening "King's Indian: fianchetto, lesser Simagin (Spassky) variation"]
[ECO "E62"]
[NIC "KI.72"]
[Time "12:22:01"]
[TimeControl "900+10"]

1. Nf3 Nf6 2. c4 d6 3. d4 g6 4. g3 Bg7 5. Bg2 O-O 6. O-O Nc6 7. Nc3 Bf5 8.
d5 Na5 9. Nd2 c5 10. h3 a6 11. e4 Bd7 12. Qc2 b5 13. b3 b4 14. Nd1 Nxd5 15.
cxd5 Bxa1 16. Nb2 Bb5 17. Ndc4 Bxc4 18. bxc4 f6 19. h4 Rb8 20. Qe2 Rf7 21.
Bh3 Kh8 22. Kg2 b3 23. a3 Rf8 24. Be6 Qe8 25. Rh1 Bxb2 26. Bxb2 Qa4 27. h5
g5 28. Rc1 Nb7 29. Qg4 Nd8 30. Qxg5 Nxe6 31. dxe6 Qc6 32. f3 Qc7 33. h6 Rg8
34. Bxf6+ exf6 35. Qxf6+ Rg7 36. hxg7+ Qxg7 37. Qxg7+ Kxg7 38. f4 b2 39. Rb1
Rb3 40. f5 Kf6 41. Kf2 h5 42. Ke1 Re3+ 43. Kf2 Rxe4 44. Rxb2 Kxf5 45. Rb6
Kxe6 46. Rxa6 Rxc4 47. a4 h4 48. gxh4 Rxh4 49. a5 Ra4 50. Ra7 Kd5 51. a6 Kc6
52. Ke3 Kb6 53. Rd7 Kc6 54. Ra7 d5 55. Kd3 Ra3+ 56. Kc2 Kb6 57. Rd7 d4 58.
Rd6+ Kb5 59. Rd8 Rxa6 60. Rb8+ Kc4 61. Rb2 Rh6 62. Rb8 Rh2+ 63. Kd1 Kc3 64.
Rg8 d3 65. Rg1 Ra2 66. Ke1 Ra1+ 67. Kf2 Rxg1 68. Kxg1 d2 69. Kf2 d1=Q 70.
Kg3 Qd4 71. Kf3 Kb4 72. Kg3 c4 73. Kf3 c3 74. Kg3 c2 75. Kf3 c1=Q 76. Kg3
Qcc3+ 77. Kg2 Qdd2+ 78. Kf1 Qcc1# {White checkmated} 0-1

[Event "ICC tourney 1878 (15 10)"]
[Site "Internet Chess Club"]
[Date "2020.06.14"]
[Round "1"]
[White "kptl132"]
[Black "nicochasin"]
[Result "0-1"]
[ICCResult "White resigns"]
[WhiteElo "1317"]
[BlackElo "1483"]
[Opening "Sicilian defense"]
[ECO "B41"]
[NIC "SI.43"]
[Time "12:21:45"]
[TimeControl "900+10"]

1. e4 c5 2. Nf3 e6 3. d4 cxd4 4. Qxd4 Nc6 5. Qd3 Qc7 6. c4 Bc5 7. Be2 Nge7
8. Nc3 a6 9. a3 d6 10. b4 Ba7 11. O-O Ng6 12. Rd1 Ke7 13. Bb2 Rd8 14. Rac1
Nce5 15. Nxe5 dxe5 16. Qg3 Bd7 17. c5 Bc6 18. a4 Be8 19. h4 Kf8 20. h5 Nf4
21. h6 gxh6 22. a5 Rxd1+ 23. Rxd1 Rd8 24. Bc4 Rd4 25. Rxd4 exd4 26. Nd1 Qe5
27. Qd3 Nxd3 28. Bxd3 Bb5 29. Bxb5 axb5 {White resigns} 0-1

[Event "ICC tourney 1878 (15 10)"]
[Site "Internet Chess Club"]
[Date "2020.06.14"]
[Round "1"]
[White "Feugon"]
[Black "fishbein"]
[Result "0-1"]
[ICCResult "White resigns"]
[WhiteElo "1317"]
[BlackElo "1483"]
[Opening "Bird's opening"]
[ECO "A02"]
[NIC "VO.07"]
[Time "12:21:36"]
[TimeControl "900+10"]

1. f4 g6 2. d4 d5 3. Nf3 Bg7 4. e3 c5 5. c3 Nf6 6. Be2 O-O 7. b3 b6 8. Bb2
Ba6 9. O-O Qc8 10. a4 Bxe2 11. Qxe2 Qa6 12. c4 Nc6 13. Nc3 Rac8 14. Ne5 cxd4
15. exd4 Nxd4 16. Qd1 Nf5 17. Re1 dxc4 18. Nxc4 Qb7 19. a5 Rfd8 20. Qe2 b5
21. a6 Qb8 22. Ne5 Nd4 23. Qf1 Nxb3 24. Rad1 Qb6+ 25. Kh1 Rxd1 26. Rxd1 Qxa6
27. Qxb5 Qxb5 28. Nxb5 a6 29. Na7 Rc2 30. Ba3 Bf8 31. Nac6 Ne4 32. Kg1 f6
33. Nd7 Rxc6 34. Rb1 Ned2 {White resigns} 0-1

[Event "ICC tourney 1878 (15 10)"]
[Site "Internet Chess Club"]
[Date "2020.06.14"]
[Round "1"]
[White "BrianDeSousa"]
[Black "CoolKoiFish"]
[Result "1-0"]
[ICCResult "Black resigns"]
[WhiteElo "1512"]
[BlackElo "1403"]
[Opening "Trompowsky attack (Ruth, Opocensk? opening)"]
[ECO "A45"]
[NIC "QP.07"]
[Time "12:24:13"]
[TimeControl "900+10"]

1. d4 Nf6 2. Bg5 e6 3. Nd2 d5 4. e3 c5 5. c3 Nc6 6. Bd3 Be7 7. f4 h6 8. Bh4
b6 9. Ngf3 Bb7 10. Ne5 O-O 11. Qf3 Nd7 12. Bxe7 Qxe7 13. O-O Ndxe5 14. fxe5
Qg5 15. Qf4 Qxf4 16. Rxf4 c4 17. Bc2 b5 18. e4 b4 19. exd5 exd5 20. Ba4 a5
21. Bxc6 Bxc6 22. Rf2 Rab8 23. Nf1 Rb7 24. Ne3 bxc3 25. bxc3 Rfb8 26. Raf1
Rd8 27. Nf5 Ba4 28. Nd6 Rbd7 29. Nxf7 Rb8 30. Nd6 Re7 31. h4 Bd7 32. Kh2 Be6
33. Nf5 Rf7 34. Ne3 Rxf2 35. Rxf2 a4 36. Kg3 a3 37. Nc2 Rb1 38. Nxa3 Rd1 39.
Nb5 {Black resigns} 1-0

[Event "ICC tourney 1878 (15 10)"]
[Site "Internet Chess Club"]
[Date "2020.06.14"]
[Round "1"]
[White "speedskater"]
[Black "sirking2800"]
[Result "1-0"]
[ICCResult "Black resigns"]
[WhiteElo "2119"]
[BlackElo "1471"]
[Opening "King's Indian: orthodox, Aronin-Taimanov variation (Yugoslav attack / Mar del Plata variation)"]
[ECO "E97"]
[NIC "KI.08"]
[Time "12:24:33"]
[TimeControl "900+10"]

1. d4 Nf6 2. c4 g6 3. Nc3 Bg7 4. e4 d6 5. Nf3 O-O 6. Be2 e5 7. O-O Nc6 8.
Be3 Ne8 9. d5 Ne7 10. Nd2 f5 11. f3 f4 12. Bf2 g5 13. c5 h5 14. cxd6 cxd6
15. a4 Rf6 16. Nb5 Rg6 17. Nxa7 Bd7 18. Qb3 g4 19. Bb6 Qb8 20. Bb5 Bxb5 21.
Nxb5 Qc8 22. Rfc1 Qd7 23. Nc7 Rc8 24. Qb5 Nf6 25. Kh1 gxf3 26. gxf3 Qh3 27.
Qf1 Qh4 28. Bf2 Qg5 29. Ne6 Qh6 30. Rxc8+ Nxc8 31. Rc1 Ne7 32. Rc7 Bf8 33.
Rxb7 Ng4 34. Rb8 Rf6 35. Bh4 Ne3 36. Bxf6 Nxf1 37. Rxf8+ Qxf8 38. Nxf8 Nxd2
39. Bxe7 Nxf3 40. Bxd6 Kf7 {Black resigns} 1-0

[Event "ICC tourney 1878 (15 10)"]
[Site "Internet Chess Club"]
[Date "2020.06.14"]
[Round "1"]
[White "jy2020"]
[Black "blueeagle405"]
[Result "1-0"]
[ICCResult "Black resigns"]
[WhiteElo "1483"]
[BlackElo "1317"]
[Opening "Sicilian: Nimzovich-Rossolimo attack (without ...d6)"]
[ECO "B30"]
[NIC "SI.31"]
[Time "12:21:37"]
[TimeControl "900+10"]

1. e4 c5 2. Nf3 Nc6 3. Bb5 e6 4. Bxc6 bxc6 5. O-O Ne7 6. d3 Ng6 7. Re1 e5 8.
c3 Be7 9. d4 cxd4 10. cxd4 exd4 11. Nxd4 O-O 12. Nc3 Ba6 13. Be3 Ne5 14. Qa4
Bb7 15. Rad1 g6 16. h3 d5 17. exd5 cxd5 18. Bh6 Nc4 19. Bxf8 Bxf8 20. Qc2
Rc8 21. Qb3 Ba8 22. Qc2 Qf6 23. b3 Nd6 24. Qb2 Rd8 25. Re3 Bb7 26. Qb1 Ne4
27. Nxe4 dxe4 28. Nb5 Bc5 29. Re2 a6 30. Rxd8+ Qxd8 31. Nc3 Qd4 32. Nxe4 Bb6
33. Kh1 f5 34. Nd2 Qd5 35. Nf3 a5 36. Re8+ Kf7 37. Qe1 Bc5 38. Re5 Qd6 39.
Ng5+ Kg8 40. Re8+ Kg7 41. Ne6+ Kh6 42. Qc1+ f4 43. Qxc5 Bxg2+ 44. Kh2
{Black resigns}
1-0

[Event "ICC tourney 1878 (15 10)"]
[Site "Internet Chess Club"]
[Date "2020.06.14"]
[Round "1"]
[White "BigPapa"]
[Black "mzninja66"]
[Result "1/2-1/2"]
[ICCResult "Game drawn by mutual agreement"]
[WhiteElo "1409"]
[BlackElo "1431"]
[Opening "Sicilian: Najdorf, Adams attack"]
[ECO "B90"]
[NIC "SI.14"]
[Time "12:21:48"]
[TimeControl "900+10"]

1. e4 c5 2. Nf3 d6 3. d4 cxd4 4. Nxd4 Nf6 5. Nc3 a6 6. h3 e5 7. Nde2 b5 8.
a3 Bb7 9. Bg5 Nbd7 10. g4 Be7 11. Bg2 h6 12. Be3 Nc5 13. Ng3 Qc7 14. O-O O-O
15. Qd2 Rfe8 16. Rad1 Rad8 17. Bxh6 gxh6 18. Qxh6 Nh7 19. Nf5 Bf8 20. Qh5
Ne6 21. g5 Nexg5 22. Rd3 f6 23. Rg3 Qf7 24. Qg4 Kh8 25. Rd1 Bc8 26. Nd5 Be6
27. h4 Bxf5 28. exf5 Bh6 29. hxg5 Bxg5 30. Be4 Rg8 31. Qh3 Rg7 32. Kg2 Rdg8
33. Rh1 Rc8 34. Qh5 Qxh5 35. Rxh5 Kg8 36. Rh1 Rc4 37. Re1 Bd2 38. Re2 Bc1
39. b3 Rd4 40. Rxg7+ Kxg7 41. Nc7 Ng5 42. Bb7 Rg4+ 43. Kf1 Nh3 44. Ne6+ Kf7
45. Re4 Rxe4 46. Bxe4 Ng5 47. Nxg5+ fxg5 48. a4 b4 49. a5 Bb2 50. Bd3 d5 51.
Bxa6 Kf6 52. Bc8 e4 53. Ke2 Bd4 54. a6 Ke5 55. Bb7 Ba7 56. f6 Kxf6 57. Bxd5
Ke5 58. Bb7 Kd4 59. Ba8 Ke5 60. Bb7 Kf4 61. Bc6 {Game drawn by mutual
agreement} 1/2-1/2

[Event "ICC tourney 1878 (15 10)"]
[Site "Internet Chess Club"]
[Date "2020.06.14"]
[Round "1"]
[White "DanLapan"]
[Black "Terry1234"]
[Result "0-1"]
[ICCResult "White checkmated"]
[WhiteElo "1264"]
[BlackElo "1297"]
[Opening "Sicilian: Smith-Morra gambit"]
[ECO "B21"]
[NIC "SI.48"]
[Time "12:21:43"]
[TimeControl "900+10"]

1. e4 c5 2. d4 cxd4 3. Qxd4 Nc6 4. Qd3 d6 5. c4 Nf6 6. Nc3 g6 7. f3 Bg7 8.
Be3 O-O 9. Rc1 b6 10. Qd2 Bb7 11. Nge2 e6 12. Nf4 Re8 13. Be2 Rc8 14. O-O
Qe7 15. Rfd1 Red8 16. Bf1 Bh6 17. Qf2 Bg7 18. Qh4 h6 19. Qf2 Ne5 20. b3 g5
21. Nd3 Nxd3 22. Bxd3 d5 23. exd5 exd5 24. cxd5 Rxc3 25. Rxc3 Nxd5 26. Bh7+
Kxh7 27. Rcd3 Re8 28. Bd4 Nf4 29. R3d2 Ne2+ 30. Rxe2 Qxe2 31. Qxe2 Rxe2 32.
Bxg7 Kxg7 33. a4 Re7 34. Kf2 f5 35. Rd4 Bc8 36. b4 Kf6 37. a5 Be6 38. axb6
axb6 39. Rd6 Rb7 40. Ke3 Ke5 41. Rd8 f4+ 42. Ke2 Ra7 43. Rh8 Ra2+ 44. Kd3
Rxg2 45. Rxh6 Rf2 46. h4 Rxf3+ 47. Ke2 Re3+ 48. Kf2 g4 49. h5 g3+ 50. Kg2
Bd5+ 51. Kh3 g2+ 52. Kh2 Re1 53. Rg6 Rh1# {White checkmated} 0-1

[Event "ICC tourney 1878 (15 10)"]
[Site "Internet Chess Club"]
[Date "2020.06.14"]
[Round "1"]
[White "pranav2007"]
[Black "YKQ"]
[Result "1-0"]
[ICCResult "Black resigns"]
[WhiteElo "1483"]
[BlackElo "1628"]
[Opening "Ruy Lopez: exchange variation"]
[ECO "C68"]
[NIC "RL.08"]
[Time "12:21:35"]
[TimeControl "900+10"]

1. e4 e5 2. Nf3 Nc6 3. Bb5 a6 4. Bxc6 dxc6 5. d3 f6 6. O-O Ne7 7. c3 c5 8.
d4 cxd4 9. cxd4 exd4 10. Nxd4 Ng6 11. Nc3 c5 12. Nc2 Qxd1 13. Rxd1 Be6 14.
Be3 Ne5 15. b3 Rc8 16. h3 c4 17. b4 Nd3 18. a3 Bd6 19. Nd4 Kf7 20. Nxe6 Kxe6
21. Nd5 Rhd8 22. f4 f5 23. Nb6 fxe4 24. Nxc8 Rxc8 25. g3 c3 26. Kg2 c2 27.
Rf1 Be7 28. g4 Bf6 29. Ra2 Kd5 30. Bc1 Kd4 31. g5 Be7 32. h4 g6 33. h5 gxh5
34. Ra1 h4 35. Rh1 h6 36. gxh6 Rg8+ 37. Kf1 e3 38. h7 Rf8 39. Rh2 Nxf4 40.
h8=Q+ Rxh8 41. Bb2+ Kd3 42. Bxh8 e2+ 43. Kf2 h3 44. Be5 Bh4+ 45. Kf3 Ng6 46.
Rxe2 Nxe5+ 47. Rxe5 Bf6 48. Re3+ Kd2 49. Re2+ Kd3 50. Rc1 {Black resigns}
1-0

[Event "ICC tourney 1878 (15 10)"]
[Site "Internet Chess Club"]
[Date "2020.06.14"]
[Round "1"]
[White "Suraj240704"]
[Black "InfernoKing"]
[Result "0-1"]
[ICCResult "White checkmated"]
[WhiteElo "1317"]
[BlackElo "1483"]
[Opening "R?ti: King's Indian attack"]
[ECO "A05"]
[NIC "EO.13"]
[Time "12:21:48"]
[TimeControl "900+10"]

1. Nf3 Nf6 2. g3 g6 3. Bg2 Bg7 4. O-O O-O 5. c4 d6 6. Nc3 Nc6 7. d3 e5 8.
Rb1 a5 9. a3 Ne8 10. e4 f5 11. Bg5 Nf6 12. Nd5 Ne7 13. Bxf6 Bxf6 14. Nxf6+
Rxf6 15. Qd2 f4 16. d4 Be6 17. dxe5 dxe5 18. Qxd8+ Rxd8 19. Nxe5 Nc8 20.
Rfd1 Rxd1+ 21. Rxd1 fxg3 22. hxg3 Nb6 23. c5 Na4 24. b4 axb4 25. axb4 Rf8
26. Ra1 Nc3 27. Ra3 Nb5 28. Ra5 Nd4 29. f4 b6 30. cxb6 cxb6 31. Ra6 Rb8 32.
Kf2 Nc2 33. Nc6 Rb7 34. Nd8 Bc4 35. Ra8 Rd7 36. Nc6+ Kg7 37. e5 Rd2+ 38. Kg1
Rxg2+ 39. Kxg2 Bd5+ 40. Kf2 Bxc6 41. Rc8 Nxb4 42. Rc7+ Kg8 43. e6 h6 44. g4
Kf8 45. f5 gxf5 46. gxf5 Bd5 47. Rf7+ Ke8 48. f6 Nd3+ 49. Ke3 Nc5 50. Re7+
Kf8 51. Rf7+ Ke8 52. Re7+ Kd8 53. Rh7 Bxe6 54. Rxh6 Ke8 55. Kd4 Kf7 56. Rh8
Kxf6 57. Rb8 Nd7 58. Rb7 Ke7 59. Kc3 Kd6 60. Kb4 Kc6 61. Ra7 Nc5 62. Ra8 Kb7
63. Re8 Na6+ 64. Kc3 Bd7 65. Re7 Kc6 66. Rh7 b5 67. Rh6+ Kb7 68. Rd6 Bc6 69.
Rd8 Kb6 70. Rd4 Kc5 71. Rh4 b4+ 72. Kb2 Nc7 73. Rh5+ Bd5 74. Rh4 Nb5 75. Rf4
Nc3 76. Rh4 Nb5 77. Rf4 b3 78. Ra4 Bc4 79. Ra5 Kb4 80. Ra8 Nc3 81. Rb8+ Bb5
82. Rd8 Na4+ 83. Kb1 Ka3 84. Rd2 Bc4 85. Ra2+ Kb4 86. Rh2 Kc3 87. Ka1 b2+
88. Rxb2 Nxb2 89. Kb1 Bb3 90. Ka1 Nc4 91. Kb1 Na3+ 92. Ka1 Nc2+ 93. Kb1 Bc4
94. Kc1 Ba2 95. Kd1 Nd4 96. Ke1 Kd3 97. Kf2 Ne2 98. Kf3 Be6 99. Kf2 Bd5 100.
Kf1 Ke3 101. Ke1 Bb3 102. Kf1 Nf4 103. Ke1 Ng2+ 104. Kf1 Kf3 105. Kg1 Kg3
106. Kf1 Bc4+ 107. Kg1 Nf4 108. Kh1 Bd3 109. Kg1 Nh3+ 110. Kh1 Be4#
{White checkmated}
0-1

[Event "ICC tourney 1878 (15 10)"]
[Site "Internet Chess Club"]
[Date "2020.06.14"]
[Round "2"]
[White "Terry1234"]
[Black "BrianDeSousa"]
[Result "0-1"]
[ICCResult "White resigns"]
[WhiteElo "1275"]
[BlackElo "1544"]
[Opening "Sicilian: Alapin's variation (2.c3)"]
[ECO "B22"]
[NIC "SI.46"]
[Time "13:44:25"]
[TimeControl "900+10"]

1. e4 c5 2. c3 g6 3. d4 cxd4 4. cxd4 d5 5. exd5 Nf6 6. Nc3 Nxd5 7. Nf3 Bg4
8. h3 Bxf3 9. Qxf3 e6 10. Nxd5 Qxd5 11. Qxd5 exd5 12. Bc4 dxc4 13. O-O Bg7
14. Re1+ Kd7 15. Bg5 f6 16. Bf4 Nc6 17. Rac1 b5 18. d5 Ne5 19. a4 Nd3
{White resigns}
0-1

[Event "ICC tourney 1878 (15 10)"]
[Site "Internet Chess Club"]
[Date "2020.06.14"]
[Round "2"]
[White "Gabuzyan"]
[Black "Chessisfunpro"]
[Result "1-0"]
[ICCResult "Black resigns"]
[WhiteElo "1483"]
[BlackElo "1317"]
[Opening "Sicilian: closed"]
[ECO "B23"]
[NIC "SI.44"]
[Time "13:44:10"]
[TimeControl "900+10"]

1. e4 c5 2. Nc3 d6 3. Nf3 Nc6 4. Bb5 Bd7 5. O-O e6 6. Re1 Nf6 7. b3 Be7 8.
Bb2 O-O 9. h3 a6 10. Bxc6 Bxc6 11. d4 cxd4 12. Nxd4 Qc7 13. Qf3 b5 14. a3
Rac8 15. Rad1 Rfd8 16. Qg3 Kh8 17. Rd2 Qb7 18. f3 Rc7 19. Red1 Rdc8 20. Kh1
Bd7 21. Nde2 Qb6 22. Rd3 a5 23. Nf4 b4 24. axb4 axb4 25. Ncd5 Qc5 26. Nxe7
Bb5 27. Nxc8 Bxd3 28. Nxd3 Qxc2 29. Rc1 Qxd3 30. Rxc7 {Black resigns} 1-0

[Event "ICC tourney 1878 (15 10)"]
[Site "Internet Chess Club"]
[Date "2020.06.14"]
[Round "2"]
[White "Goran21"]
[Black "mopaska1106"]
[Result "1-0"]
[ICCResult "Black resigns"]
[WhiteElo "1547"]
[BlackElo "1419"]
[Opening "Sicilian defense"]
[ECO "B30"]
[NIC "SI.31"]
[Time "13:44:09"]
[TimeControl "900+10"]

1. e4 c5 2. Nf3 Nc6 3. d3 d6 4. g3 e6 5. Bg2 Nf6 6. O-O Be7 7. c3 O-O 8. Re1
Qc7 9. d4 e5 10. dxc5 dxc5 11. Nbd2 h6 12. h3 Be6 13. Nh4 Rfd8 14. Nf5 Bf8
15. Qf3 c4 16. Nxh6+ gxh6 17. Qxf6 Bg7 18. Qh4 Rd3 19. Nf1 Qd8 20. Qh5 Qf6
21. Ne3 b5 22. Nd5 Bxd5 23. exd5 Nd8 24. Be3 a5 25. a4 b4 26. Be4 bxc3 27.
Bxd3 cxb2 28. Bxc4 bxa1=Q 29. Rxa1 e4 30. Rd1 Rc8 31. Bb5 Rc2 32. Bd4 Qd6
33. Qg4 Qg6 34. Qxg6 fxg6 35. Bxg7 Kxg7 36. Rd4 Nf7 37. d6 {Black resigns}
1-0